Cogmind - Beta 15 @@@ ROGUE MODE // 2025.06.06 @ 19:15:32 Player: OctagonalPrism Result: Smashed by cave-in Performance ------------- Evolutions (0) 0 Regions Visited (2) 400 Robots Destroyed (35) 175 Value Destroyed (768) 768 Prototype IDs (3) 60 Alien Tech Used (0) 0 Bonus (0) 0 TOTAL SCORE: 1403 Bonus ------- None Cogmind --------- Core Integrity 0/250 Matter 295/300 Energy 250/250 System Corruption 3% Temperature Cool (0) Movement Rolling (110) Ox2 Location -10/Mines Parts ------- > --- POWER (1) -------- Ion Engine > --- PROPULSION (2) --- Wheel > --- UTILITY (2) ------ Medium Storage Unit Structural Scanner > --- WEAPON (2) ------- Light Cannon Mining Claw > --- INVENTORY (10) --- Sensor Array Experimental Sensor Array Improved Terrain Scanner Light Assault Rifle Peak State ------------ > --- POWER ------------ Ion Engine > --- PROPULSION ------- Light Treads Compact Wheel > --- UTILITY ---------- Medium Storage Unit Structural Scanner > --- WEAPON ----------- Light Assault Rifle Mining Claw > --- INVENTORY -------- Ion Engine Ion Engine Light Treads Wheel Sensor Array Improved Terrain Scanner Light Assault Rifle Light Cannon [Rating: 8] Favorites ----------- Power Ion Engine Engine Ion Engine Propulsion Compact Wheel Treads Light Treads Wheel Compact Wheel Utility Medium Storage Unit Device Structural Scanner Storage Medium Storage Unit Protection Weapon Shielding Weapon Light Assault Rifle Energy Gun EM Pulse Gun Ballistic Gun Light Assault Rifle Ballistic Cannon Light Cannon Slashing Weapon Mining Claw Build | -11 -10 -10 ------- Run | Yrd Mat Min Slots Evolved . | . . . Power . | . . . Propulsion . | . . . Utility . | . . . Weapon . | . . . Parts Attached 26 | 6 16 4 Power 5 | 1 3 1 Engine 5 | 1 3 1 Core . | . . . Reactor . | . . . Propulsion 8 | 2 5 1 Treads 2 | . 2 . Leg . | . . . Wheel 6 | 2 3 1 Hover . | . . . Flight . | . . . Utility 6 | 1 4 1 Device 3 | . 2 1 Storage 2 | 1 1 . Processor . | . . . Hackware . | . . . Protection 1 | . 1 . Artifact . | . . . Weapon 7 | 2 4 1 Energy Gun 1 | 1 . . Energy Cannon . | . . . Ballistic Gun 4 | 1 2 1 Ballistic Cannon 1 | . 1 . Launcher . | . . . Special Weapon . | . . . Impact Weapon . | . . . Slashing Weapon 1 | . 1 . Piercing Weapon . | . . . Special Melee Weapon . | . . . Unidentified Prototypes . | . . . Parts Lost 12 | . 6 6 Power 1 | . . 1 Propulsion 5 | . 2 3 Utility 2 | . 2 . Weapon 4 | . 2 2 Highest Loss Streak 4 | . 4 2 To Critical Strikes . | . . . Average Backups 4 | 2 4 4 Power . | . . . Propulsion 1 | 1 1 . Utility 1 | . 1 2 Weapon . | . . 1 Tool/Special . | . . . Unused Backups 2 | . . 2 Power . | . . . Propulsion . | . . . Utility 2 | . . 2 Weapon . | . . . Tool/Special . | . . . Average Slot Usage (%) 94 | . 94 95 Engine 13 | . 14 13 Treads 7 | . 9 3 Wheel 20 | . 18 24 Device 8 | . 7 10 Storage 13 | . 13 14 Protection 2 | . 3 . Energy Gun 1 | . 2 . Ballistic Gun 17 | . 17 18 Ballistic Cannon 7 | . 6 9 Slashing Weapon 1 | . 1 . Peak Build Rating 8 | 6 8 8 Average Rating 6 | 5 6 7 On Entrance 4 | . 6 7 Naked Turns . | . . . Heaviest Build 21 | 13 20 21 Greatest Support 40 | 26 40 26 Greatest Overweight (x) 1 | 1 1 1 Average Overweight (x) . | . . . Largest Inventory Capacity 10 | 8 10 10 Average Capacity 9 | 7 9 10 Most Carried 8 | 4 8 8 Average Carried 4 | 2 4 4 Final Capacity 10 | 8 10 10 Final Carried 7 | 4 7 4 Class Distribution -------------------- 87% | Mutant 12% | Scavenger-Mutant Dominant Class ---------------- Mutant | -10/Materials Mutant | -10/Mines Resources | -11 -10 -10 ----------- Run | Yrd Mat Min Matter Collected 905 | 267 417 221 Remotely . | . . . Salvage Created 1058 | 94 497 467 Parts 71 | 11 33 27 Haulers Intercepted 2 | . 2 . Recyclers Shooed 2 | . 1 1 Parts Field Recycled . | . . . Retrieved Matter . | . . . Parts Self-Destructed . | . . . Prevented . | . . . Kills | -11 -10 -10 ------- Run | Yrd Mat Min Combat Hostiles Destroyed 24 | . 14 10 Guns 9 | . 1 8 Cannons 14 | . 12 2 AOE 1 | . 1 . Classes Destroyed 7 | 1 5 1 Tunneler 5 | 5 . . Hauler 2 | . 2 . Recycler 1 | . . 1 Operator 1 | . 1 . Watcher 2 | . 2 . Swarmer 9 | . 6 3 Grunt 15 | . 8 7 Best Kill Streak 6 | 3 4 6 Combat Bots Only 5 | . 3 5 Max Kills in Single Turn 3 | 3 1 1 Gunslinging . | . . . Exploded 1 | . 1 . Melee . | . . . Uniques/NPCs Destroyed . | . . . Combat | -11 -10 -10 -------- Run | Yrd Mat Min Hostile Shots Fired 148 | . 94 54 Missed 34 | . 23 11 Hits 114 | . 71 43 Projectile 114 | . 71 43 Critical Strikes 6 | . 2 4 Damage Taken 1508 | 24 705 779 Core 253 | . 76 177 Absorbed by Shields . | . . . Redirected to Shielding 51 | . 51 . Regen/Repaired (Parts) 163 | . 163 . Core Remaining (%) 100 | 100 . . Volleys Fired 121 | 7 72 42 Largest 2 | 2 2 2 Hottest 60 | 60 60 50 Shots Fired 222 | 14 131 77 Gun 163 | 14 84 65 Cannon 59 | . 47 12 Launcher . | . . . Special . | . . . Kinetic 204 | 7 120 77 Thermal . | . . . Explosive . | . . . Electromagnetic 18 | 7 11 . Robot Hit Streak 14 | 4 8 14 Robot Miss Streak 5 | 2 5 1 Penetration Max . | . . . Secondary Targets . | . . . Shots Hit Robots 139 | 9 71 59 Core Hits 68 | 5 35 28 Critical Kills . | . . . Critical Parts Destroyed 1 | . 1 . Critical Strikes 3 | . 2 1 Destroy 1 | . 1 . Blast 2 | . 1 1 Melee Attacks 5 | . 2 3 Impact . | . . . Slashing 5 | . 2 3 Piercing . | . . . Sneak Attacks 1 | . 1 . Combat Hostiles . | . . . Follow-up Attacks . | . . . Damage Inflicted 1824 | 217 1043 564 Guns 917 | 99 397 421 Cannons 674 | . 531 143 Explosions 186 | 118 68 . Melee 47 | . 47 . Ramming . | . . . Kinetic 1400 | 23 813 564 Thermal 186 | 118 68 . Explosive . | . . . Electromagnetic 191 | 76 115 . Impact . | . . . Slashing 47 | . 47 . Piercing . | . . . Highest Corruption . | . . . Average Corruption . | . . . Corruption Purged . | . . . Corruption Blocked . | . . . Overload Shots . | . . . Overflow Damage 21 | 21 . . Projectiles . | . . . Explosions 21 | 21 . . Melee . | . . . Knockbacks 5 | . 3 2 Impact . | . . . Kinetic 5 | . 3 2 Secondary . | . . . Self-Inflicted Damage 25 | 25 . . Shots 1 | 1 . . Rammed . | . . . Targets Rammed . | . . . Kicked . | . . . Crushed . | . . . Highest Temperature 129 | 32 129 51 Average Temperature 25 | 16 29 20 Received Heat Transfer 528 | . 201 327 Siege Activations . | . . . Martial Activations . | . . . Shielding Activations . | . . . Robots Disrupted . | . . . Combat Hostiles . | . . . Robots Corrupted . | . . . Combat Hostiles . | . . . Parts Fried . | . . . Impact Corruptions . | . . . Robots Melted . | . . . Combat Hostiles . | . . . Parts Melted . | . . . Heat Transferred 150 | 50 100 . Parts Sabotaged . | . . . Parts Stolen . | . . . Parts Stripped . | . . . Power Chain Reactions 2 | 1 1 . Alert | -11 -10 -10 ------- Run | Yrd Mat Min Maximum Alert Level . | . . . Low Security (%) 100 | 100 100 100 Level 1 . | . . . Level 2 . | . . . Level 3 . | . . . Level 4 . | . . . Level 5 . | . . . High Security . | . . . Max Security . | . . . Peak Influence 110 | 15 88 110 Initial 9 | . 9 . Average 34 | 3 35 37 Influence Increases 809 | 25 507 277 Destroy 0b10 Robot/C 480 | . 280 200 Destroy 0b10 Robot/NC 55 | 25 25 5 Destroy Leader 118 | . 78 40 Successful Hack 42 | . 42 . Select Force Hacks 60 | . 60 . Disable Machine 15 | . 15 . Destroy Structure 9 | . 7 2 Lose Combat Pursuer 30 | . . 30 Influence Decreases 809 | 10 522 277 Entered New Map 6 | . 6 . Time Decay 692 | 10 456 226 Lost Part 91 | . 60 31 Lost Ally 20 | . . 20 Squads Dispatched 3 | . 3 . Investigation 3 | . 3 . Extermination . | . . . Reinforcement . | . . . Assault . | . . . Garrison . | . . . Intercept . | . . . Searches Triggered . | . . . Construction Impeded . | . . . Haulers Reinforced . | . . . Active Scanning Responses . | . . . Cargo Convoy Interrupts . | . . . Stealth | -11 -10 -10 --------- Run | Yrd Mat Min Distress Signals 1 | . 1 . Communications Jammed . | . . . Distress Signals . | . . . Times Spotted 39 | . 26 13 Peak Tracking Total 4 | . 4 4 Tactical Retreats 2 | . . 2 Traps | -11 -10 -10 ------- Run | Yrd Mat Min Traps Triggered 1 | . 1 . Indirectly . | . . . Trap Hack Attempts . | . . . Triggered . | . . . Disarmed 6 | . 6 . Reprogrammed . | . . . Reused . | . . . Traps Extracted . | . . . Installed . | . . . Triggered . | . . . Machines | -11 -10 -10 ---------- Run | Yrd Mat Min Machines Disabled 1 | . 1 . Max in Single Turn 1 | . 1 . Machines Repaired . | . . . Machines Dismantled . | . . . Machines Sabotaged . | . . . Overloaded Fab Kills . | . . . Hacking | -11 -10 -10 --------- Run | Yrd Mat Min Machines Accessed 11 | . 11 . Terminals 8 | . 8 . Fabricators . | . . . Repair Stations 1 | . 1 . Recycling Units 2 | . 2 . Scanalyzers . | . . . Garrison Access . | . . . Total Hacks 42 | . 42 . Successful 24 | . 24 . Failed 18 | . 18 . Catastrophic 1 | . 1 . Database Lockouts . | . . . Manual 20 | . 20 . Terminals 34 | . 34 . Fabricators . | . . . Repair Stations 4 | . 4 . Recycling Units 4 | . 4 . Scanalyzers . | . . . Garrison Access . | . . . Terminal Hacks 12 | . 12 . Robot Analysis 2 | . 2 . Prototype ID Bank 2 | . 2 . Terminal Index 1 | . 1 . Alert Level 1 | . 1 . Locate Traps 1 | . 1 . Disarm Traps 1 | . 1 . Patrol Status 1 | . 1 . Zone Layout 3 | . 3 . Fabricator Hacks . | . . . Repair Station Hacks 4 | . 4 . Scan Component 2 | . 2 . Repair 2 | . 2 . Recycling Unit Hacks 1 | . 1 . Report Inventory 1 | . 1 . Scanalyzer . | . . . Garrison Access Hacks . | . . . Unauthorized Hacks 7 | . 7 . Terminals 5 | . 5 . Track 1 | . 1 . Botnet 3 | . 3 . Operators 1 | . 1 . Fabricators . | . . . Repair Stations . | . . . Recycling Units 2 | . 2 . Tunnel 2 | . 2 . Scanalyzers . | . . . Garrison Access . | . . . Data Cores Recovered 1 | . 1 . Used 1 | . 1 . Hacking Detections 10 | . 10 . Full Trace Events . | . . . Feedback Events . | . . . Feedback Blocked . | . . . Robot Schematics Acquired . | . . . Robots Built . | . . . Authchips . | . . . Time . | . . . Total Robot Build Rating . | . . . Part Schematics Acquired . | . . . Parts Built . | . . . Authchips . | . . . Time . | . . . Total Part Build Rating . | . . . Parts Repaired 2 | . 2 . Time 52 | . 52 . Parts Recycled . | . . . Recycled Matter . | . . . Retrieved Matter . | . . . Retrieved Components . | . . . Parts Scanalyzed . | . . . Part Schematics Acquired . | . . . Parts Damaged . | . . . Bothacking | -11 -10 -10 ------------ Run | Yrd Mat Min Used RIF Installer . | . . . Robots Hacked . | . . . Non-combat . | . . . Combat . | . . . Robot Hacks Applied . | . . . Relay Couplers Released . | . . . Fabnet Peak Effective % . | . . . Robots Rewired . | . . . Allies Hacked . | . . . Hacks Repelled . | . . . Allies | -11 -10 -10 -------- Run | Yrd Mat Min Total Allies 2 | . . 2 Largest Group 2 | . . 2 Highest-Rated Group 42 | . . 42 Highest-Rated Ally 31 | . . 31 Total Orders . | . . . Ally Attacks 6 | . . 6 Total Damage 122 | . . 122 Kills . | . . . Allies Corrupted . | . . . Allies Melted . | . . . Intel | -11 -10 -10 ------- Run | Yrd Mat Min Active Infowar (turns) 1188 | . 660 528 Sensors 74 | . . 74 Structural 1114 | . 660 454 Robot Analysis Total 2 | . 2 . Derelict Logs Recovered 1 | . . 1 Drone Launches . | . . . Drone Recoveries . | . . . Exploration | -11 -10 -10 ------------- Run | Yrd Mat Min Turns Passed 2068 | 99 1285 684 Spaces Moved 1526 | 74 881 571 Core 11 | 11 . . Treads 84 | . 70 14 Legs . | . . . Wheels 1431 | 63 811 557 Hover . | . . . Flight . | . . . Fastest Speed 50 | 50 80 90 Average Speed 100 | 84 107 92 Slowest Speed 160 | 100 160 160 Overloaded Moves . | . . . Propulsion Burnouts . | . . . Robots Hopped . | . . . Potential Cave-ins . | . . . Cave-ins Triggered 1 | . . 1 Exploration Rate (%) 63 | 4 91 95 Regions Visited 2 Branch Regions 1 Pre-discovered Areas 2 | . 2 . Known Exits Taken . | . . . Unknown Exits Taken 2 | 1 1 . Scrap Searched 1 | . . 1 Spaces Dug 2 | . . 2 Terrain Destroyed 15 | 7 6 2 Melee 2 | . . 2 Projectile . | . . . AOE 13 | 7 6 . Terrain Rammed . | . . . Walls Destroyed . | . . . Machines Disabled . | . . . Actions | -11 -10 -10 --------- Run | Yrd Mat Min Total 1846 | 94 1092 660 Wait 134 | 4 107 23 Move 1524 | 73 880 571 Hop . | . . . Pick Up 12 | 4 6 2 Fast Attach 14 | 6 7 1 Attach 10 | . 2 8 Detach 5 | . 1 4 Swap 14 | . 10 4 Drop 6 | . 5 1 Fire 121 | 7 72 42 Melee 5 | . 2 3 Ram . | . . . Kick . | . . . Crush . | . . . Escape Stasis . | . . . Rewire 1 | . . 1 Trap . | . . . Miscellaneous . | . . . Route ------- -11/Scrapyard -10/Materials (discovered 5 exits: [*Mat x3] / [*Min] / [Sub]) -10/Mines (discovered 3 exits: [*Mat x2] / [*Exi]) History --------- Turn | Location | Event 3 | -11/Scrapyard | Discovered new exit (range 15) 100 | -11/Scrapyard | Entered Materials 313 | -10/Materials | Build established: Mutant 525 | -10/Materials | Lost 4 parts (2n1u1w) 596 | -10/Materials | Discovered new exit (range 16) 613 | -10/Materials | Discovered new exit (range 10) 794 | -10/Materials | Discovered new exit (range 9) 976 | -10/Materials | Discovered new exit (range 15) 1030 | -10/Materials | Discovered new exit (range 12) 1085 | -10/Materials | Repaired Lgt. Cannon 1112 | -10/Materials | Repaired Med. Storage Unit 1385 | -10/Materials | Entered Mines 1573 | -10/Mines | Discovered new exit (range 15) 1579 | -10/Mines | Discovered new exit (range 9) 1615 | -10/Mines | Core integrity fell below 50% 1673 | -10/Mines | Deemed a non-threat by the Exiles lab entrance 1674 | -10/Mines | Discovered new exit (range 5) 1751 | -10/Mines | Assembled infested the area 1771 | -10/Mines | Learned 4 Materials zone layouts 1788 | -10/Mines | Met 8R-AWN 1852 | -10/Mines | Found a damaged Exp. Sensor Array with a note attached 1854 | -10/Mines | Found Prototype Device 2070 | -10/Mines | Crushed by falling debris 2070 | -10/Mines | Smashed by cave-in Last Messages --------------- 01827_ G-34 Mercenary destroyed. 01831_ Acquired 5 matter. 01851_ K-01 Serf collects debris. 01852_ A damaged part is partially visible under some rubble. There's a note attached: "Everyone keeps telling us we should avoid high-traffic areas because that's where patrols are more likely to show up, but that doesn't do us much good if we can't spot those areas until they're on top of us... With this we can! Deliver it to Megawrench for repairs then we'll never be afraid of an ambush while sneaking around Materials again, ha." 01854_ Acquired Prototype Device. 01904_ A derelict is hurriedly installing traps. 02008_ K-01 Serf collects debris. 02070_ The unstable cave ceiling collapses. 02070_ Crushed by falling debris. 02070_ Com. Wheel destroyed. 02070_ System corrupted by crushing effect (+3). Map ----- +----------------------------------------------------+ | ????????## ##????## ## | | ????????## ##????## ### ## | | ????????## ##????### ### ## | | ????????####### ####????#### ### ## | | ????????####### ####?????#### ## | | ?????????????## ##????????### ## | | ?????????????## ##?????????## ## | | ?????????????## ##???????#### | | ????????????### ######??######### ## | | ????????????### ######?### #### ### | | ????????????## ###?## ### #### | | ????????????## """ ##?## ### #### | | ????????????### """ ###### ## #### | | ?????????????## """ *####### #### | | ?????????????## !=%==*### ### | | ?????????????## #####%#### | | ?????????????## ######%#### #### | | ?????? ????## ###?## #### ###### | | ?????? #??## ######%#### #####?# | | ?????? ##??## ##### #### ####???# | | ????## ###?## #### ###????# | | ???### ###### ######## ##?????# | | ??#### ##### ########!##?????# | | ??### #### #########%##?????# | | ??## #### #############=##?????# | | ??## ##@########?## !]##?????# | | ??## ;#####?????## ### ##?????# | | ??## ####?????### ### #####??# | | ??## ###????#### ### #####??# | | ??## ##????### ## ##### | | ??## ###???## #### ##### | | ??### ####??## ### ### | | ??#### ####?## ## ## | | ???#### ###?## """ ## # | | ????### ### ##?### """ | | ?????## ### ###### """ | | ?????## ##### ##### # | | ???####=#### ##### ####### ## | | ??#####%#### ##?##### ####?###### | | ??### !% ##?#### #####???##### | | ??## ###### ###### #######????????# | | ??## ######= ##### ################# | | ??## #####=% #### ################# | | ??### ### [ ### ## #### ## | | ??### ### | | ?### < | | ### ######## ## | | ## ######### ### ## ## # | | ## ######### ######## ### ##### | | ## ## #### #### ##### | +----------------------------------------------------+ Best States ------------- Heat Dissipation 25 Energy Generation 10 Energy Capacity 250 Matter Stores 300 Matter Capacity 300 Sight Range 16 Robot Scan Range 14 Terrain Scan Density 10 Weapon Shielding 33 Evasion (%) 44 Recoil Reduction 2 Item Schematics ----------------- None Robot Schematics ------------------ None Fabricated ------------ Nothing Repaired ---------- Lgt. Cannon | 2% | -10/Materials Med. Storage Unit | 81% | -10/Materials Alien Tech Used ----------------- None Achievements -------------- None Challenges ------------ None Game ------ Seed CoolingCooledCannon Manual? 0 Play Time 00:23:27 Cumulative 238.0 hours Start 2025.06.06 @ 18:53:36 End 2025.06.06 @ 19:15:32 Sessions 1 Manual Loads 0 Difficulty Rogue Special Mode None Game No. 185 Rogue 185 Adventurer 0 Explorer 0 Win Type - Total 6 Types 4/0/1/1/0/0/0/0/0/0 Lore% 78 Gallery% 68 Achievement% 57 Wizard Run 0 Options --------- Layout 2 ASCII 0 Keyboard 0 Movement Numpad Keybinds 0 Fullscreen 2 Font 16/Terminus Map View 55x47 Zoom Use 0% Tactical HUD 1 Map Filters NONE Filters NONE Steam 1 RUN: 0e35f221-1fa6-45b6-8e67-37836325e868